 Dungeon Crawl Stone Soup version 0.29-b1-12-g9e2288ab2a (webtiles) character file.

Game seed: 955064303707006207

90 Zeldest the Sneak (level 4, -2/33 HPs)
             Began as an Octopode Delver on Aug 24, 2022.
             Slain by a mummy (14 damage)
             ... in an ossuary.
             The game lasted 00:00:58 (93 turns).

Zeldest the Sneak (Octopode Delver)                   Turns: 93, Time: 00:00:58

Health: -2/33      AC:  1    Str: 11    XL:     4   Next: 56%
Magic:  4/4        EV: 13    Int: 14    God:
Gold:   4          SH:  0    Dex: 13    Spells: 3/3 levels left

rFire   . . .      SeeInvis .   a - +0 short sword
rCold   . . .      Faith    .   (no shield)
rNeg    . . .      Spirit   .   (helmet restricted)
rPois   .          Reflect  .   (no amulet)
rElec   .          Harm     .   (no ring)
rCorr   .          Rampage  .   (no ring)
Will    .....                   (no ring)
Stlth   +++++.....              (no ring)
HPRegen 0.11/turn               (no ring)
MPRegen 0.09/turn               (no ring)
                                (no ring)
                                (no ring)

@: hasted, very quick
A: almost no armour, amphibious, 8 rings, camouflage 1, gelatinous body 1,
(nimble swimmer 1), tentacles
a: no special abilities


You were in an ossuary.
You visited 1 branch of the dungeon, and saw 2 of its levels.
You also visited: Ossuary.

You collected 4 gold pieces.

Inventory:

Hand Weapons
 a - a +0 short sword (weapon)
Wands
 f - a wand of digging (3)
Scrolls
 c - a scroll of magic mapping
 d - a scroll of fear


   Skills:
 + Level 4.2 Fighting
 - Level 2.0 Short Blades
 - Level 2.0 Dodging
 + Level 7.9 Stealth


You had 3 spell levels left.
You didn't know any spells.
Your spell library was empty.

Dungeon Overview and Level Annotations

Branches:
Dungeon (5/15)            Ossuary (1/1)
 Temple: D:4-7

Altars:


Innate Abilities, Weirdness & Mutations

You cannot wear most types of armour.
You are amphibious.
You can wear up to eight rings at the same time.
Your skin changes colour to match your surroundings (Stealth+).
Your rubbery body absorbs attacks. (AC +1, EV +1)
((You are camouflaged when in or above water. (Stealth+)))
You have tentacles for arms and can constrict up to eight enemies at once.


Message History

Found 7 stones.
Found a sand-covered staircase.
There is a sand-covered staircase here.
The world spins around you as you enter the gateway.
You enter an ossuary!
Found a gate leading back out of this place.
There is an empty arch of ancient stone here.
You open the door.
There is an open door here.
You open the door.
There is an open door here.
Found a potion of haste and a potion of degeneration.
Found 3 potions of degeneration and a potion of haste.
A mummy comes into view.
Found a scroll of noise.
You open the door.
A human zombie comes into view.
As you read the scroll of fog, it crumbles to dust.
The scroll dissolves into smoke.
There is an open door here.
The helpless human zombie fails to defend itself.
You impale the human zombie!! Your grab misses the human zombie.
You squeeze the human zombie.
The human zombie is heavily damaged.
The mummy hits you! The human zombie hits you.
You hit the human zombie. Your grab misses the human zombie.
The human zombie is heavily damaged.
The mummy hits you! The human zombie hits you.
You hit the human zombie. You grab the human zombie.
The human zombie is heavily damaged.
You constrict the human zombie. You hit the human zombie.
You squeeze the human zombie!
The human zombie is almost destroyed.
You constrict the human zombie. The human zombie barely misses you.
The mummy barely misses you.
You hit the human zombie. You squeeze the human zombie.
You destroy the human zombie!
Okay, then.
You feel yourself speed up. The mummy hits you!
You die...

##### #.!! ?!!
#§# ###+### #§###
##....^## ##§M@#
##.......###§§###
#.........#§§§+
+....⌠....'§§§#
#.........#...+
#.^.....###.^#
##.....## ##.+
###'### #.# #.#
#.#


You could see a mummy.

Vanquished Creatures
  A scorpion (D:4)
  A human zombie (Ossuary)
  2 ball pythons (D:4)
4 creatures vanquished.

Notes
Turn   | Place    | Note
-------+----------+-------------------------------------------
     0 | D:5      | Zeldest the Octopode Delver began the quest for the Orb.
     0 | D:5      | Reached XP level 1. HP: 16/16 MP: 1/1
     5 | D:5      | Noticed a phantom
    34 | D:4      | Noticed a scorpion
    36 | D:4      | Killed a scorpion
    37 | D:4      | Reached skill level 7 in Stealth
    37 | D:4      | Reached XP level 2. HP: 22/22 MP: 2/2
    37 | D:4      | Reached XP level 3. HP: 27/27 MP: 3/3
    37 | D:4      | Reached XP level 4. HP: 33/33 MP: 4/4
    64 | D:4      | Found a sand-covered staircase.
    68 | Ossuary  | Entered an ossuary
    93 | Ossuary  | Slain by a mummy

Illustrated notes

Levels and vault maps discovered:
D:4:      layout_basic, lightli_ossuary_entry_decrepit_ruins
D:5:      black_bear_nest_1, layout_gridville, uniq_edmund, uniq_eustachio
Ossuary:  ossuary_crypta

Skill      XL: |  1 |
---------------+----+-----
Fighting       | 4 |  4.2
Stealth        | 7 |  7.9
Short Blades   | |  2.0
Dodging        | |  2.0

Action                   |  1- 3 |  4- 6 || total
-------------------------+-------+-------++-------
Melee: Short sword       |     2 |     7 ||     9
       Tentacles         |     1 |     3 ||     4
       Constrict         |     1 |     1 ||     2
  Use: Scroll            |       |     1 ||     1
       Potion            |       |     1 ||     1
 Stab: Sleeping          |     1 |     1 ||     2
Dodge: Dodged            |     1 |     5 ||     6
